Map: Costas tropicales

Players

MrFercho - Winner!

  • Race: Terran Terran
  • Spawn Location: 0:00

tigro

  • Race: Terran Terran
  • Spawn Location: 5:00

VOD

Have the link to the VOD?

Description

Time

  • Played on: June 25, 2019, 11:11 p.m.
  • Length: 38:00
Show
View Real Time Build Order
Export as new Build Order

MrFercho Terran - Winner!

Build Orders: Mech 

Get SALT Encoding   

  12  0:23  SCV  
  13  0:35  SCV  
  14  0:47  SCV  
  15  1:31  Supply Depot  
  15  1:33  Supply Depot  
  15  1:53  SCV  
  16  1:57  Refinery  
  16  2:00  Refinery  
  16  2:05  SCV  
  17  2:34  SCV  
  18  2:46  SCV  
  19  2:54  Barracks  
  19  2:56  Barracks  
  19  2:58  SCV  
  20  3:10  SCV  
  21  3:20  Engineering Bay  
  21  3:22  SCV  
  22  3:35  Supply Depot  
  22  3:47  Engineering Bay  
  22  3:50  Factory  
  22  3:51  Factory  
  22  3:58  Supply Depot  
  22  4:00  Barracks Tech Lab  
  22  4:11  Barracks Tech Lab  
  22  4:13  SCV  
  22  4:14  Engineering Bay  
  23  4:22  Supply Depot  
  23  4:25  SCV  
  24  4:35  Reaper x2  
  24  4:36  Factory  
  24  4:37  SCV  
  27  4:45  Supply Depot  
  27  4:49  SCV  
  28  5:01  SCV  
  30  5:07  Reaper x2  
  31  5:16  Command Center  
  31  5:24  Factory Tech Lab  
  31  5:25  Factory Tech Lab x2  
  31  5:36  Starport  
  31  5:39  Reaper  
  31  5:42  SCV  
  33  5:54  SCV  
  34  6:06  SCV  
  35  6:13  Starport  
  36  6:18  SCV  
  36  6:28  Armory  
  36  6:30  SCV  
  37  6:33  Widow Mine  
  37  6:34  Hellion  
  37  6:35  Hellion  
  39  6:59  Siege Tank  
  42  7:15  Armory  
  42  7:17  Starport  
  42  7:28  Refinery  
  42  7:31  Refinery  
  42  7:33  Orbital Command  
  42  7:36  Orbital Command  
  42  7:56  Command Center, Terran Infantry Armor Level 1, Terran Infantry Weapons Level 1  
  42  7:57  Refinery  
  42  8:04  Armory  
  42  8:18  SCV, Refinery  
  43  8:30  SCV  
  44  8:42  SCV  
  45  8:54  SCV  
  46  9:06  SCV  
  47  9:20  Sensor Tower  
  47  9:30  Orbital Command  
  47  9:36  SCV x2  
  49  9:47  Starport Tech Lab x2  
  49  9:48  SCV x2, Starport Tech Lab  
  51  9:55  Sensor Tower  
  51  10:00  SCV x2  
  51  10:05  Marauder x2  
  57  10:12  SCV x2  
  59  10:21  Sensor Tower  
  59  10:24  SCV x2  
  59  10:26  Marauder x2  
  65  10:48  Marauder x2  
  69  11:09  Sensor Tower  
  69  11:37  Liberator x2  
  69  11:38  Liberator  
  69  11:42  Combat Shield  
  69  11:45  Terran Infantry Armor Level 2  
  69  11:46  Terran Infantry Weapons Level 2  
  69  11:47  Neosteel Armor  
  78  12:04  Stimpack  
  76  12:35  Thor  
  76  12:36  Thor  
  76  12:37  Siege Tank  
  84  13:00  Concussive Shells  
  84  13:04  Medivac x2  
  84  13:05  Banshee  
  91  13:18  Siege Tank  
  91  13:19  Cyclone x2  
  100  13:27  Hi-Sec Auto Tracking  
  100  13:34  Banshee, SCV x3  
  106  13:46  SCV x3  
  109  13:53  Supply Depot  
  109  13:55  Supply Depot  
  109  13:58  SCV x2  
  111  14:16  Supply Depot  
  111  14:18  Supply Depot  
  111  15:02  Terran Ship Weapons Level 1, Terran Vehicle Weapons Level 1  
  111  15:03  Terran Vehicle And Ship Armor Level 1  
  111  15:06  Infernal Pre-Igniter, Mag-Field Accelerator, Drilling Claws  
  111  15:10  Cloaking Field, Corvid Reactor  
  111  15:12  Rapid Reignition System  
  111  15:15  Terran Infantry Armor Level 3, Terran Infantry Weapons Level 3  
  103  16:20  Fusion Core  
  103  16:24  Smart Servos  
  103  16:36  Ghost Academy  
  103  16:45  Command Center, Refinery  
  103  16:49  Refinery  
  103  16:51  SCV  
  103  16:52  SCV x2  
  106  16:56  Command Center  
  106  16:57  Refinery  
  106  17:01  Refinery  
  106  17:03  SCV  
  106  17:04  SCV x2  
  106  17:07  Ghost Academy  
  109  17:16  SCV x3  
  109  17:21  Barracks x3, Ghost Academy  
  112  17:27  Missile Turret  
  112  17:28  SCV x3  
  115  17:38  Ghost Academy  
  115  17:40  SCV x2  
  117  17:51  Weapon Refit  
  117  18:00  Personal Cloaking  
  117  18:02  Missile Turret  
  117  18:27  Missile Turret  
  117  18:50  Missile Turret  
  117  18:55  Bunker  
  117  19:16  Missile Turret  
  117  19:29  Bunker  
  117  19:38  Missile Turret  
  114  19:52  Battlecruiser x3  
  132  20:00  Missile Turret  
  132  20:02  Bunker  
  132  20:24  Missile Turret  
  132  20:26  Orbital Command  
  132  20:33  Bunker  
  132  20:40  Orbital Command  
  132  20:45  Barracks Tech Lab x2  
  132  20:46  Barracks Tech Lab  
  132  20:49  Missile Turret  
  132  20:56  Viking x3  
  138  21:14  Missile Turret  
  138  21:26  Viking x3  
  138  21:27  Missile Turret  
  144  21:39  Marine  
  145  21:40  Marine  
  145  21:41  Marine x3  
  149  21:48  Missile Turret  
  149  21:56  Viking x3  
  149  21:57  Marine x2  
  149  21:59  Marine x3  
  160  22:10  Missile Turret  
  160  22:11  Terran Ship Weapons Level 2  
  160  22:12  Terran Vehicle And Ship Armor Level 2, Terran Vehicle Weapons Level 2  
  160  22:15  Advanced Ballistics, Marine x2  
  161  22:16  Hyperflight Rotors, Marine x2  
  161  22:17  Marine  
  165  22:25  Banshee  
  165  22:26  Banshee x2  
  174  22:31  Missile Turret  
  174  22:32  Nuke x4  
  174  22:33  Marine x2  
  174  22:34  Marine x3  
  179  22:52  Ghost  
  179  22:53  Missile Turret  
  181  23:08  Raven  
  106  29:45  Hellion x2  
  112  29:46  Hellion  
  112  30:01  Marine x3  
  112  30:02  Marine x2  
  112  30:07  Hellion x3  
  121  30:19  Marine x5  
  126  30:28  Hellion x3  
  126  30:37  Marine x5  
  131  30:49  Hellion  
  137  30:50  Hellion x2  
  137  30:54  Marine  
  137  30:55  Marine x4  
  137  30:56  Viking x3  
  148  31:11  Hellion x3  
  154  31:12  Marine x2  
  154  31:13  Marine x3  
  159  31:26  Command Center, Battlecruiser x2, Refinery  
  159  31:30  Refinery  
  159  31:31  Command Center  
  171  31:34  Refinery  
  171  31:35  Refinery  
  171  32:24  Command Center  
  171  32:27  Refinery  
  171  32:31  Refinery  
Show
View Real Time Build Order
Export as new Build Order

tigro Terran 

Build Orders:  

Get SALT Encoding   

  12  2:45  Refinery  
  12  2:52  Refinery  
  12  2:57  SCV  
  13  3:09  SCV  
  14  3:14  Supply Depot  
  14  3:21  SCV  
  15  3:27  Engineering Bay  
  15  3:36  SCV  
  16  3:48  SCV  
  17  4:00  SCV  
  17  4:01  Barracks  
  18  4:09  Barracks  
  18  4:12  Terran Infantry Weapons Level 1, SCV  
  19  4:24  SCV  
  20  4:47  Command Center  
  20  4:54  Barracks Tech Lab  
  20  5:05  Bunker  
  20  5:14  Barracks Tech Lab  
  20  5:32  Supply Depot  
  20  5:36  Marauder  
  20  5:39  Marine  
  23  5:54  Missile Turret  
  23  5:57  Marauder, Marine  
  26  6:06  Terran Infantry Armor Level 1, Planetary Fortress  
  26  6:15  Marine  
  27  6:19  Marauder  
  29  6:33  Marine  
  29  6:37  Supply Depot  
  30  6:40  Marauder  
  32  6:50  Marine  
  32  6:53  Refinery  
  33  7:01  Marauder  
  35  7:21  Missile Turret  
  35  7:40  SCV  
  36  7:45  Refinery  
  36  7:52  SCV  
  37  8:00  Hi-Sec Auto Tracking  
  37  8:04  SCV  
  38  8:07  Ghost Academy  
  38  8:16  SCV  
  39  8:28  SCV  
  39  8:32  Marine  
  41  8:37  Marauder  
  41  8:40  Combat Shield  
  43  8:45  Concussive Shells  
  43  8:50  Marine  
  44  8:57  Neosteel Armor  
  44  8:58  Marauder  
  46  9:08  Marine  
  47  9:14  Missile Turret  
  47  9:19  Marauder  
  49  9:26  Marine  
  50  9:41  Marauder  
  50  9:43  Marine  
  50  9:44  Factory  
  53  10:20  Stimpack  
  53  10:29  Factory Tech Lab  
  53  10:34  Supply Depot  
  53  10:51  Armory  
  53  10:56  Marauder  
  52  11:53  SCV  
  53  12:05  SCV  
  54  12:17  SCV  
  51  12:46  Siege Tank  
  54  13:01  Starport  
  54  13:18  Siege Tank  
  57  13:31  Missile Turret  
  57  13:50  Siege Tank  
  60  14:01  Terran Vehicle Weapons Level 1  
  60  14:06  Personal Cloaking  
  60  14:11  Terran Infantry Weapons Level 2  
  60  14:13  Missile Turret  
  58  14:23  Siege Tank  
  59  14:34  Starport Tech Lab  
  59  14:35  Missile Turret  
  59  14:50  SCV  
  60  15:02  SCV  
  60  15:13  Missile Turret  
  60  15:15  SCV  
  60  15:27  Siege Tank  
  60  15:44  Missile Turret  
  60  15:45  SCV  
  57  15:56  Terran Vehicle And Ship Armor Level 1  
  40  15:57  SCV  
  38  16:09  SCV  
  39  16:18  Missile Turret  
  39  16:21  SCV  
  40  16:27  Terran Infantry Armor Level 2  
  40  16:33  SCV  
  41  16:45  Rapid Reignition System  
  41  16:55  Nuke  
  41  17:04  Thor  
  47  17:36  Fusion Core  
  47  17:41  Corvid Reactor  
  47  17:48  Marauder  
  47  17:50  Terran Ship Weapons Level 1  
  49  17:54  Marauder  
  51  18:10  Marauder  
  53  18:16  Marauder  
  55  18:31  Marauder  
  57  18:37  Marauder  
  59  18:42  Missile Turret  
  59  18:43  Terran Infantry Weapons Level 3  
  59  18:45  Viking  
  61  19:00  Cloaking Field  
  61  19:17  Viking  
  61  19:20  Marauder, Supply Depot  
  61  19:23  Marauder  
  53  19:42  Marauder  
  53  19:44  Marauder, Terran Vehicle Weapons Level 2  
  55  19:47  Viking  
  57  20:00  Missile Turret  
  57  20:15  Command Center  
  57  20:17  Viking  
  57  20:19  Hyperflight Rotors  
  59  20:24  Thor  
  65  20:47  Viking, Missile Turret  
  65  20:48  Weapon Refit  
  67  21:28  SCV  
  68  21:40  SCV  
  69  21:52  SCV  
  70  21:59  Terran Vehicle And Ship Armor Level 2  
  70  22:03  Missile Turret  
  70  22:04  SCV  
  70  22:06  Missile Turret  
  71  22:15  Marine  
  72  22:33  Marine  
  73  22:48  SCV  
  74  23:00  SCV  
  74  23:04  SCV  
  76  23:12  SCV  
  77  23:24  SCV  
  78  23:35  Missile Turret  
  78  23:36  SCV  
  79  24:14  Missile Turret  
  79  24:15  Terran Vehicle Weapons Level 3  
  79  24:28  Supply Depot  
  79  24:29  Battlecruiser  
  85  24:47  Refinery  
  85  25:04  Refinery  
  75  27:04  Factory Tech Lab  
  75  27:32  Battlecruiser  
  75  27:34  Refinery  
  81  28:12  Marine  
  51  28:30  Marine  
  52  28:37  Battlecruiser, Missile Turret  
  47  28:48  Marine  
  44  28:49  Planetary Fortress, Missile Turret  
  44  28:52  Planetary Fortress  
  39  29:06  Marine  
  39  29:07  Missile Turret  
  40  29:14  Marine  
  37  29:36  Missile Turret  
  36  29:41  Battlecruiser  
  41  31:01  Barracks  
  41  31:28  Missile Turret  
  41  31:52  Marine  
  42  32:01  Barracks  
  42  32:10  Marine  
  43  32:21  Factory, Missile Turret  
  43  32:28  Marine  
  37  32:45  Marine  
  38  33:03  Marine  
  24  33:19  Marine  
  25  33:26  Factory Tech Lab  
  23  33:37  Marine  
  24  33:55  Marine  
  25  33:56  Viking  
  27  34:09  Hellion  
  29  34:13  Marine  
  30  34:26  Viking  
  30  34:30  Hellion, Marine  
  34  34:48  Barracks  
  34  34:52  Hellion  
  37  34:56  Viking  
  24  35:26  Viking  
  25  35:56  Viking  
Tags
 
Composition
Mech
Matchup
TvT
Race
Terran
Replay Pack
MrFercho
Add a new tag
Caveats
  • Supply blocks, unpowered buildings, or Contaminate may cause inaccurate times.
  • Supply counts are checked every 10 seconds.